 Dungeon Crawl Stone Soup version 0.32-a0-898-g7811c86cf0 (webtiles) character file.

Game seed: 357403410003691642

27 Fodor the Shield-Bearer (level 2, -6/27 HPs)
             Began as a Minotaur Fighter on Apr 4, 2024.
             Mangled by Sigmund
             ... wielding a +0 scythe
              (9 damage)
             ... on level 2 of the Dungeon.
             The game lasted 00:02:19 (598 turns).

Fodor the Shield-Bearer (Minotaur Fighter)           Turns: 598, Time: 00:02:19

Health: -6/27      AC:  8    Str: 20    XL:     2   Next: 93%
Magic:  1/1        EV:  8    Int:  5    God:
Gold:   64         SH:  0    Dex:  9    Spells: 1/1 levels left

rFire   . . .        w - +0 war axe
rCold   . . .        c - +0 buckler
rNeg    . . .        b - +0 scale mail
rPois   .            (helmet restricted)
rElec   .            (no cloak)
rCorr   +            g - +0 pair of gloves
SInv    .            (no boots)
Will    .....        (no amulet) Stlth
                     h - ring of resist corrosion
HPRegen 0.24/turn    (no ring)
MPRegen 0.07/turn

%: no passive effects
@: confused
A: horns 2, retaliatory headbutt
a: no special abilities


You were on level 2 of the Dungeon.
You visited 1 branch of the dungeon, and saw 2 of its levels.

You collected 64 gold pieces.

Inventory:

Hand Weapons
 p - a +0 sling
 w - a +0 war axe (weapon)
Armour
 b - a +0 scale mail (worn)
 c - a +0 buckler (worn)
 g - a +0 pair of gloves (worn)
Jewellery
 h - a ring of resist corrosion (left hand)
Scrolls
 f - a scroll of revelation {unknown}
 i - a scroll of enchant armour {unknown}
 j - a scroll of fog {unknown}
Potions
 a - a potion of curing {unknown}
 d - a potion of might
 e - a potion of degeneration {unknown}
 k - a potion of heal wounds {unknown}
 l - a potion of cancellation {unknown}


   Skills:
 + Level 4.0 Fighting
 + Level 2.9 Axes
 + Level 4.0 Armour
 + Level 4.1 Shields


You had one spell level left.
You didn't know any spells.
Your spell library was empty.

Dungeon Overview and Level Annotations

Branches:
Dungeon (2/15)

Altars:

Annotations:
D:2 Sigmund


Innate Abilities, Weirdness & Mutations

You have a pair of horns on your head.
You reflexively headbutt those who attack you in melee.


Message History

Sigmund is moderately wounded.
You block Sigmund's attack.
You barely miss Sigmund.
Sigmund is moderately wounded.
Sigmund hits you with a +0 scythe.
You closely miss Sigmund. Your headbutt misses Sigmund.
Sigmund is moderately wounded.
Sigmund hits you but does no damage.
You hit Sigmund. You headbutt Sigmund.
Sigmund is severely wounded.
You hit the dart slug. The dart slug misses you.
Sigmund casts a spell.
Sigmund flickers and vanishes!
Deactivating autopickup; reactivate with Ctrl-A.
You miss something. You completely miss the dart slug. Something hits you.
You miss something. Your headbutt misses something. You hit the dart slug.
The dart slug bites you but does no damage.
Something hits you!
You barely miss something. Your headbutt misses something.
You hit the dart slug. The dart slug closely misses you.
You furiously retaliate!
You headbutt the dart slug!
You kill the dart slug!
You hear some strange, mumbled words.
You are confused.
You bump into the rock wall.
You hear some strange, mumbled words.
Something tries to affect you, but you resist.
You closely miss something. Something hits you but does no damage.
Unknown command.
You bump into the rock wall.
Okay, then.
You miss something. Your headbutt misses something. Something hits you.
You hear some strange, mumbled words.
You are more confused.
You bump into the rock wall.
A magic dart appears from out of thin air!
The magic dart hits you!
* * * LOW HITPOINT WARNING * * *
Something hits you!
You die...

#......# #..###.#
#..# #.####
#..###..... #
#..........
...#.##..###.####
....!..........#
##.#.##†.###.###
# #.@# #{†# ....#
......# #........
#.........
#.......##
#.......#


There were no monsters in sight!

Vanquished Creatures
  A dart slug (D:2)
  A bat (D:1)
  An endoplasm (D:1)
  3 giant cockroaches
  4 hobgoblins
  2 kobolds
  2 quokkas
  3 ball pythons (D:1)
  2 frilled lizards
  3 rats (D:1)
22 creatures vanquished.

Notes
Turn   | Place    | Note
-------+----------+-------------------------------------------
     0 | D:1      | Fodor the Minotaur Fighter began the quest for the Orb.
     0 | D:1      | Reached XP level 1. HP: 19/19 MP: 0/0
   115 | D:1      | Reached XP level 2. HP: 27/27 MP: 1/1
   579 | D:2      | Noticed Sigmund
   598 | D:2      | Mangled by Sigmund

Illustrated notes

Levels and vault maps discovered:
D:1:      minmay_arrival_arboretum_large, layout_rooms,
          minmay_misc_feat_four_crosses, kennysheep_nondescript
D:2:      layout_basic, minivault_24, uniq_sigmund

Skill      XL: |  1  2 |
---------------+-------+-----
Fighting       | 4 |  4.0
Shields        | 4 |  4.1
Armour         | 4 |  4.0
Axes           | |  2.9

Action                     || total
---------------------------++-------
  Melee: War axe           ||    39
         Headbutt          ||     6
   Fire: Sling             ||    10
 Armour: Scale mail        ||    35
  Dodge: Dodged            ||    20
  Block: Buckler           ||    10

Table legend: (Time is in decaauts)
 A = Elapsed time spent in this place.
 B = Non-inter-level travel time spent in this place.
 C = Inter-level travel time spent in this place.
 D = Time resting spent in this place.
 E = Time spent auto-exploring this place.
 F = Levels seen in this place.
 G = Mean time per level.
                   A        B        C        D        E       F      G
               +--------+--------+--------+--------+--------+-----+--------+
         Total |    615 |    615 |      0 |      0 |    401 |   2 |  307.5 |
       Dungeon |    615 |    615 |      0 |      0 |    401 |   2 |  307.5 |
               +--------+--------+--------+--------+--------+-----+--------+

Top non-repeatable levels by time:
     D:1: 423 daAuts
     D:2: 192 daAuts
